 Dungeon Crawl Stone Soup version 0.29.1-1-gd02db6906a (webtiles) character file.

Game seed: 16220661597791192244

63 wingedge the Gusty (level 3, -1/26 HPs)
             Began as a Demigod Air Elementalist on Oct 14, 2022.
             Succumbed to Crazy Yiuf's poison
             ... on level 2 of the Dungeon on Oct 15, 2022.
             The game lasted 00:09:03 (1624 turns).

wingedge the Gusty (Demigod Air Elementalist)       Turns: 1624, Time: 00:09:03

Health: -1/26      AC:  8    Str:  9    XL:     3   Next: 61%
Magic:  1/8        EV: 12    Int: 21    God:
Gold:   53         SH:  0    Dex: 14    Spells: 0/6 levels left

rFire   . . .      SeeInvis .   j - +0 hand axe (vorpal)
rCold   . . .      Faith    .   (no shield)
rNeg    . . .      Spirit   .   a - +0 robe
rPois   .          Reflect  .   n - +0 helmet
rElec   .          Harm     .   (no cloak)
rCorr   .          Rampage  .   (no gloves)
Will    +....                   (no boots)
Stlth   ++........              (no amulet)
HPRegen 0.08/turn               c - ring of wizardry
MPRegen 0.11/turn               h - ring of willpower

@: lethally poisoned (-1 -> -24), ice-armoured
A: high MP 1, forlorn, divine attributes
a: no special abilities


You were on level 2 of the Dungeon.
You visited 1 branch of the dungeon, and saw 2 of its levels.

You collected 53 gold pieces.

Inventory:

Hand Weapons
 d - a +0 dagger
 e - a +0 trident
 j - a +0 vorpal hand axe (weapon)
Missiles
 k - 5 boomerangs (quivered)
 q - 5 curare-tipped darts
Armour
 a - a +0 robe (worn)
 g - a +0 hat
 n - a +0 helmet (worn)
Magical Staves
 p - a staff of earth
Jewellery
 c - a ring of wizardry (left hand)
 f - a ring of poison resistance
 h - a ring of willpower (right hand)
Scrolls
 i - a scroll of enchant weapon {unknown}
 m - a scroll of torment {unknown}
 o - a scroll of immolation {unknown}
 s - a scroll of vulnerability {unknown}
Potions
 b - a potion of magic
 l - a potion of lignification {unknown}
 r - a potion of flight {unknown}


   Skills:
 - Level 2.0 Dodging
 - Level 2.0 Stealth
 - Level 2.0 Spellcasting
 + Level 2.8 Conjurations
 + Level 0.0 Ice Magic
 - Level 3.0 Air Magic


You couldn't memorise any spells.
You knew the following spells:

 Your Spells              Type           Power      Damage    Failure   Level
a - Shock                 Conj/Air       56%        1d6       1%          1
b - Static Discharge      Conj/Air       14%        3-5/arc   2%          2
c - Ozocubu's Armour      Ice            2%         N/A       17%         3

Your spell library contained the following spells:

 Spells                   Type           Power      Damage    Failure   Level
 Swiftness                Air            14%        N/A       5%          3
 Airstrike                Air            7%         2d(1-17)  16%         4
 Ozocubu's Refrigeration  Ice            1%         4d7       100%        7


Dungeon Overview and Level Annotations

Branches:
Dungeon (2/15)


Innate Abilities, Weirdness & Mutations

You have an increased reservoir of magic. (+10% MP)
You shall have no god before yourself.
Your divine heritage dramatically boosts your attributes as you level up.


Message History

You remove your ring of poison resistance.
h - a ring of willpower (right hand)
Casting: Ozocubu's Armour (quite dangerous; 17% risk of failure)
Confirm with . or Enter, or press ? or * to list all spells.
The spell is quite dangerous to miscast (17% risk of failure)!
Continue anyway?
You miscast Ozocubu's Armour.
You are very lightly contaminated with residual magic.
Nothing appears to happen.
You start resting.
Crazy Yiuf shouts!
Your magical contamination has completely faded away.
You start resting.
Magic restored.
Casting: Ozocubu's Armour (quite dangerous; 17% risk of failure)
Confirm with . or Enter, or press ? or * to list all spells.
The spell is quite dangerous to miscast (17% risk of failure)!
Continue anyway?
A film of ice covers your body!
You open the door.
Casting: Ozocubu's Armour (quite dangerous; 17% risk of failure)
Confirm with . or Enter, or press ? or * to list all spells.
Crazy Yiuf is struck by an arc of lightning.
Crazy Yiuf is moderately wounded.
You are struck by an arc of lightning.
Crazy Yiuf is struck by an arc of lightning.
Crazy Yiuf is heavily wounded.
The lightning grounds out.
Crazy Yiuf hits you with a +2 quarterstaff of chaos!
Ouch! That really hurt!
You are lethally poisoned!
Casting: Static Discharge (safe; 2% risk of failure)
Confirm with . or Enter, or press ? or * to list all spells.
Crazy Yiuf is struck by an arc of lightning!
Crazy Yiuf is severely wounded.
You are struck by an arc of lightning.
* * * LOW HITPOINT WARNING * * *
Crazy Yiuf is struck by an arc of lightning!
You kill Crazy Yiuf!
You are struck by an arc of lightning.
* * * LOW HITPOINT WARNING * * *
The lightning grounds out.
You die...

#####.....##.....#
..........########
..........#
..........# #####
####.##...# #)..#
.##..##...## #...#
..#.#......# ...
#...#.###### #)#
#.>........# ♣@♣♣
#..........# ♣♣.♣
#..........# ♣.♣♣
.......##### ♣♣.♣
.......# ♣♣.♣♣
.......# ♣♣...♣
.......# ♣....♣
.......#### #....#
..........######..##


There were no monsters in sight!

Vanquished Creatures
  Crazy Yiuf (D:2)
  3 adders (D:2)
  3 endoplasms
  4 giant cockroaches
  3 hobgoblins
  3 kobolds
  3 quokkas
  3 ball pythons (D:2)
  3 bats
  A frilled lizard (D:2)
  3 goblins
  5 rats
35 creatures vanquished.

Vanquished Creatures (others)
  27 plants (D:1)
27 creatures vanquished.

Grand Total: 62 creatures vanquished

Notes
Turn   | Place    | Note
-------+----------+-------------------------------------------
     0 | D:1      | wingedge the Demigod Air Elementalist began the quest for
                  | the Orb.
     0 | D:1      | Reached XP level 1. HP: 14/14 MP: 5/5
    18 | D:1      | Reached skill level 1 in Conjurations
   107 | D:1      | Reached skill level 3 in Air Magic
   451 | D:1      | Reached XP level 2. HP: 20/20 MP: 2/7
   919 | D:2      | Reached XP level 3. HP: 26/26 MP: 4/8
   992 | D:2      | Learned a level 2 spell: Static Discharge
  1027 | D:2      | Learned a level 3 spell: Ozocubu's Armour
  1583 | D:2      | Found a runed translucent door.
  1584 | D:2      | Noticed Crazy Yiuf
  1624 | D:2      | Killed Crazy Yiuf
  1624 | D:2      | Succumbed to Crazy Yiuf's poison

Illustrated notes

Levels and vault maps discovered:
D:1:      roderic_crop_circles_arrival_small, layout_rooms,
          shapermc_ecumenical_altar_flowoftime
D:2:      layout_basic, uniq_crazy_yiuf_cottage

Skill      XL: |  1  2 |
---------------+-------+-----
Conjurations   | 1 2 |  2.8
Air Magic      | 3 |  3.0
Spellcasting   | 2 |  2.0
Dodging        | 2 |  2.0
Stealth        | 2 |  2.0

Action                   || total
-------------------------++-------
Melee: Dagger            ||     2
       Punch             ||     1
       Hand axe          ||    17
       Trident           ||     3
Throw: Boomerang         ||    36
 Cast: Shock             ||    39
       Static Discharge  ||     3
       Ozocubu's Armour  ||     2
 Stab: Sleeping          ||     1
Armor: Robe              ||     8
Dodge: Dodged            ||    19
